 Dungeon Crawl Stone Soup version 0.21-a0-510-g5070ee8bc0 (webtiles) character file.

9 Kaname the Magician (level 2, 8/19 HPs)
             Began as a Demonspawn Wizard on Dec 1, 2017.
             Quit the game on level 1 of the Dungeon.
             The game lasted 00:01:30 (278 turns).

Kaname the Magician (Demonspawn Wizard)              Turns: 278, Time: 00:01:31

Health: 8/19       AC:  2    Str:  7    XL:     2   Next: 3%
Magic:  1/6        EV: 12    Int: 19    God:
Gold:   9          SH:  0    Dex: 11    Spells: 6/7 levels left

rFire    . . .     SeeInvis .   g - +0 spear
rCold    . . .     Gourm    .   (no shield)
rNeg     . . .     Faith    .   a - +0 robe
rPois    .         Spirit   .   b - +0 hat
rElec    .         Reflect  .   (no cloak)
rCorr    .         Harm     .   (no gloves)
MR       .....                  (no boots)
Stlth    +.........             (no amulet)
HPRegen  0.06/turn              (no ring)
MPRegen  0.10/turn              (no ring)

@: no status effects
A: hooves 1
a: no special abilities


You were on level 1 of the Dungeon.
You were not hungry.

You visited 1 branch of the dungeon, and saw 1 of its levels.

You collected 9 gold pieces.

Inventory:

Hand Weapons
 g - a +0 spear (weapon)
Armour
 a - a +0 robe (worn)
 b - a +0 hat (worn)
Scrolls
 e - a scroll of remove curse {unknown}
 h - a scroll of teleportation {unknown}
Books
 c - a book of Minor Magic

   Spells                             Type                      Level
   a - Magic Dart                     Conjuration                  1
   b - Blink                          Translocation                2
   c - Call Imp                       Summoning                    2
   d - Slow                           Hexes                        2
   e - Conjure Flame                  Conjuration/Fire             3
   f - Mephitic Cloud                 Conjuration/Poison/Air       3
Comestibles
 d - a bread ration


   Skills:
 - Level 1.7 Dodging
 - Level 1.7 Stealth
 - Level 3.0 Spellcasting
 + Level 2.1 Conjurations
   Level 1.0 Summonings
   Level 0.8 Translocations


You had 6 spell levels left.
You knew the following spells:

 Your Spells              Type           Power        Failure   Level  Hunger
a - Magic Dart            Conj           ##..         6%          1    None


Dungeon Overview and Level Annotations

Branches:
Dungeon (1/15)

Altars:


Innate Abilities, Weirdness & Mutations

You have large cloven feet.


Message History

The bat barely misses you. The bat hits you but does no damage.
Attack whom?
Press: ? - help, Dir - move target cursor, f/p - bat
Aim: a bat (severely wounded)
You reach to attack!
You hit the bat but do no damage.
The bat is severely wounded.
The bat hits you but does no damage. The bat closely misses you.
Attack whom?
Press: ? - help, Dir - move target cursor, f/p - bat
Aim: a bat (heavily wounded)
You hit the bat.
You kill the bat!
You have reached level 2!
You feel monstrous as your demonic heritage exerts itself.
Your demonic ancestry asserts itself...
Your feet thicken and deform.
Are you sure you want to abandon this character and quit the game? (Confirm with "yes".)
Okay, then.
Unknown command.
Are you sure you want to abandon this character and quit the game? (Confirm with "yes".)

#..# #..# ######### #..#
#.......###..#
###.......##(P.##
..'()....(......##
###..............##
#######..P♣♣....##
#######.).♣..♣.♣@?.#
.....#..PP.♣♣♣♣♣♣♣......
####.#..P♣P.P♣ ..##.
...#.#....P....P .#
.....+...'..P♣P. #
######...##..P . ##...
... ### #... #.. ..#


There were no monsters in sight!

Vanquished Creatures
  A goblin (D:1)
  2 hobgoblins (D:1)
  2 bats (D:1)
  A frilled lizard (D:1)
  3 kobolds (D:1)
9 creatures vanquished.

Notes
Turn   | Place    | Note
-------+----------+-------------------------------------------
     0 | D:1      | Kaname the Demonspawn Wizard began the quest for the Orb.
     0 | D:1      | Reached XP level 1. HP: 13/13 MP: 4/4
   277 | D:1      | Gained mutation: You have large cloven feet. [demonic ancestry]
   277 | D:1      | Reached XP level 2. HP: 8/19 MP: 0/6
   278 | D:1      | Quit the game

Vault maps used:
D:1:      dpeg_arrival_connections, serial_forest,
          infiniplex_forest_clump_double, infiniplex_forest_end_2,
          infiniplex_forest_clump_long, infiniplex_forest_lined_room_3,
          infiniplex_forest_lined_room_2, infiniplex_forest_clump_tiny,
          infiniplex_forest_clump_cross, infiniplex_forest_clump_curved

Skill      XL: |  1 |
---------------+----+-----
Conjurations   | 2 |  2.1
Dodging        | |  1.7
Stealth        | |  1.7
Spellcasting   | |  3.0
Summonings     | |  1.0
Translocations | |  0.8

Action                   || total
-------------------------++-------
Melee: Spear             ||     8
 Cast: Magic Dart        ||    20
Armor: Robe              ||     2
Dodge: Dodged            ||     9

Table legend:
 A = Spawn XP
 B = Non-spawn XP
 C = Spawn XP percentage of total XP
 D = Spawn monster count
 E = Non-spawn monster count
 F = Spawn count percentage of total count
 G = Total turns spent on level
                    A         B        C        D         E        F      G
               +---------+---------+-------+---------+---------+-------+---------
         Total |       0 |      13 |   0.0 |       0 |       9 |   0.0 |   278
               +---------+---------+-------+---------+---------+-------+---------
           D:1 |       0 |      13 |   0.0 |       0 |       9 |   0.0 |   278
               +---------+---------+-------+---------+---------+-------+---------
